 Dungeon Crawl Stone Soup version 0.25-a0-589-g1e14c549ee (webtiles) character file.

Game seed: 2077018887980640746, levelgen mode: deterministic

21 khargal the Skirmisher (level 2, -1/24 HPs)
             Began as a Demonspawn Abyssal Knight on Mar 9, 2020.
             Was a Follower of Lugonu.
             Slain by a gnoll
             ... wielding a +0 spear
              (8 damage)
             ... on level 2 of the Dungeon.
             The game lasted 00:06:00 (1316 turns).

khargal the Skirmisher (Demonspawn Abyssal Knight)  Turns: 1316, Time: 00:06:01

Health: -1/24      AC:  4    Str: 12    XL:     2   Next: 65%
Magic:  3/3        EV: 11    Int: 13    God:    Lugonu [*.....]
Gold:   47         SH:  0    Dex: 12    Spells: 1/1 levels left

rFire    . . .     SeeInvis .   a - +1 falchion
rCold    . . .     Gourm    .   (no shield)
rNeg     . . .     Faith    .   b - +0 leather armour
rPois    .         Spirit   .   (helmet restricted)
rElec    .         Reflect  .   (no cloak)
rCorr    .         Harm     .   (no gloves)
MR       .....                  f - +0 pair of boots
Stlth    +.........             (no amulet)
HPRegen  0.08/turn              (no ring)
MPRegen  0.08/turn              (no ring)

@: no status effects
A: horns 1
a: Depart the Abyss, Renounce Religion


You were on level 2 of the Dungeon.
You worshipped Lugonu.
Lugonu was aware of your devotion.
You were not hungry.

You visited 1 branch of the dungeon, and saw 2 of its levels.
You visited the Abyss 1 time.

You collected 47 gold pieces.

Inventory:

Hand Weapons
 a - a +1 falchion (weapon)
Missiles
 e - a throwing net
 h - 2 silver javelins (quivered)
 l - 16 poisoned darts
Armour
 b - a +0 leather armour (worn)
 f - a +0 pair of boots (worn)
Scrolls
 g - a scroll of fear {unknown}
 m - a scroll of magic mapping {unknown}
Potions
 d - a potion of brilliance
 k - a potion of curing
Comestibles
 c - a ration


   Skills:
 + Level 3.5 Fighting
 + Level 2.3 Long Blades
 + Level 1.8 Armour
 + Level 0.9 Dodging
 + Level 2.4 Invocations


You had one spell level left.
You didn't know any spells.
Your spell library was empty.

Dungeon Overview and Level Annotations

Branches:
Dungeon (2/15)

Altars:


Innate Abilities, Weirdness & Mutations

You have a pair of small horns on your head.


Message History

The gnoll hits you from afar with a +0 spear.
You are too injured to fight recklessly!
All of the chunks of flesh in your inventory have rotted away.
You see here a knobbly copper ring.
A goblin comes into view. It is wielding a +0 club.
The goblin shouts!
You are confused.
You feel invigorated.
The gnoll hits you from afar with a +0 spear.
The gnoll hits you.
* * * LOW HITPOINT WARNING * * *
The gnoll hits you but does no damage. The goblin barely misses you.
You're too confused!
The gnoll hits you but does no damage. The gnoll closely misses you.
The gnoll hits you from afar with a +0 spear.
* * * LOW HITPOINT WARNING * * *
You're too confused to move!
You feel less invigorated.
You feel less confused. The gnoll hits you with a +0 spear!
You die...

..?.##..........##....
.............##.#.... .#
....................# ...
..............#.###.##.#
.......................#
..# ........†.....#.......#
#...##
#......=.g.##....#.###....#
##.....).ggg†......##......
#.........@##...........)..
#........).####............
#..........................
#..........####............
#..........# #.(.#......<.
##........## #...#.†......
........## #...#.......†
..#### #...##.......
#######.....#


You could see 3 gnolls and a goblin.

Vanquished Creatures
  A dart slug (D:1)
  A leopard gecko (D:1)
  A giant cockroach (D:1)
  A goblin (D:1)
  2 hobgoblins (D:1)
  A kobold (D:1)
  A quokka (D:2)
  3 bats
  2 frilled lizards
  7 rats
20 creatures vanquished.

Notes
Turn   | Place    | Note
-------+----------+-------------------------------------------
     0 | Abyss:1  | khargal the Demonspawn Abyssal Knight began the quest for
                  | the Orb.
     0 | Abyss:1  | Reached XP level 1. HP: 18/18 MP: 2/2
    24 | Abyss:1  | Noticed a chaos spawn
    27 | D:1      | Escaped the Abyss
   466 | D:1      | Reached * piety under Lugonu
   466 | D:1      | Gained mutation: You have a pair of small horns on your
                  | head. [demonic ancestry]
   466 | D:1      | Reached XP level 2. HP: 24/24 MP: 3/3
  1316 | D:2      | Slain by a gnoll

Levels and vault maps discovered:
D:1:      minmay_arrival_up_and_down, layout_loops_corners,
          serial_co_window_serial, co_window_cross_1,
          co_window_of_opportunity_a, co_window_corner_a, co_window_corner_a,
          co_window_of_opportunity_a, co_window_corner_a,
          co_window_of_opportunity_a, co_window_2corner, co_window_2corner,
          co_window_of_opportunity_c, co_window_2corner, co_window_corner_b,
          co_window_broadway_a, co_window_4corner_b, glass_columns_a,
          glass_columns_b, glass_columns_a
D:2:      layout_rooms, ashenzari_altar_1

Skill      XL: |  1 |
---------------+----+-----
Long Blades    | 2 |  2.3
Fighting       | |  3.5
Armour         | |  1.8
Dodging        | |  0.9
Invocations    | |  2.4

Action                   || total
-------------------------++-------
Melee: Falchion          ||    46
       Headbutt          ||     1
Invok: Depart the Abyss  ||     1
  Use: Potion            ||     8
       Scroll            ||     2
  Eat: Chunk             ||     1
Armor: Leather armour    ||    17
Dodge: Dodged            ||    29
       Rpst.: Falchion   ||     5

Table legend:
 A = Non-vault XP
 B = Vault XP
 C = Vault XP percentage of total XP
 D = Non-vault monster count
 E = Vault monster count
 F = Vault count percentage of total count
                 A         B        C        D         E       F
            +---------+---------+-------+---------+---------+-------
      Total |      31 |       0 |   0.0 |      20 |       0 |   0.0
            +---------+---------+-------+---------+---------+-------
        D:1 |      23 |       0 |   0.0 |      13 |       0 |   0.0
        D:2 |       8 |       0 |   0.0 |       7 |       0 |   0.0
            +---------+---------+-------+---------+---------+-------
